Map: Romanticide LE

Players

LiquidClem (Clem) - Winner!

  • Race: Terran Terran
  • League: Grandmaster
  • Spawn Location: 5:00

Serral

  • Race: Zerg Zerg
  • League: Master
  • Spawn Location: 11:00

Event: DreamHack SC2 Masters 2020 Winter

VOD

Have the link to the VOD?

Description

Time

  • Played on: Nov. 6, 2020, 12:49 p.m.
  • Length: 11:56

All games in this series

Show
View Real Time Build Order
Export as new Build Order

LiquidClem Terran - Winner!

Build Orders: Reaper Expand 

Get SALT Encoding   

  12  0:00  SCV  
  13  0:12  SCV  
  14  0:17  Supply Depot  
  14  0:24  SCV  
  15  0:38  SCV  
  15  0:40  Barracks  
  16  0:43  Refinery  
  16  0:50  SCV  
  17  1:03  SCV  
  18  1:15  SCV  
  19  1:26  Reaper  
  19  1:27  Orbital Command  
  20  1:41  Command Center  
  20  1:51  Supply Depot  
  20  1:54  SCV  
  20  1:58  Marine  
  22  2:06  SCV  
  23  2:15  Factory  
  23  2:18  SCV  
  23  2:20  Barracks Reactor  
  24  2:30  SCV  
  25  2:41  Command Center  
  25  2:42  SCV  
  26  2:52  Orbital Command  
  26  2:55  SCV  
  27  3:01  Barracks  
  27  3:05  Barracks Tech Lab  
  27  3:08  SCV  
  27  3:11  Hellion  
  30  3:15  Hellion  
  30  3:18  SCV  
  33  3:23  SCV, Refinery  
  33  3:24  Marine  
  35  3:27  Stimpack  
  35  3:30  SCV  
  36  3:35  SCV  
  36  3:42  SCV, Marine  
  38  3:48  Starport  
  38  3:51  SCV  
  38  3:53  Orbital Command  
  39  3:56  Factory Reactor, Marine x2  
  39  3:58  SCV  
  39  4:00  Marine  
  43  4:03  SCV  
  44  4:10  SCV  
  44  4:11  Supply Depot  
  44  4:14  Marine x2  
  44  4:15  SCV  
  48  4:18  Marine  
  48  4:21  SCV  
  48  4:22  SCV, Refinery  
  51  4:27  Medivac  
  54  4:32  Marine x2  
  54  4:33  Hellion  
  54  4:34  Hellion, Supply Depot  
  54  4:35  Orbital Command  
  59  4:38  Armory  
  59  4:40  Marine  
  59  4:43  SCV x2  
  60  4:49  Marine  
  60  4:50  Marine  
  62  4:54  Hellion  
  62  4:55  SCV, Hellion  
  62  4:57  Supply Depot, Medivac  
  62  4:58  Marine  
  70  5:01  SCV  
  70  5:04  SCV  
  72  5:07  Combat Shield, Marine  
  72  5:09  Barracks  
  72  5:10  SCV  
  72  5:11  Marine  
  75  5:16  Marine  
  75  5:17  SCV  
  75  5:21  Hellion x2, Supply Depot  
  81  5:24  SCV x2  
  81  5:25  Refinery  
  81  5:26  Marine  
  84  5:30  Starport Reactor  
  84  5:32  SCV  
  85  5:36  Supply Depot  
  85  5:42  SCV  
  86  5:44  Supply Depot  
  86  5:47  Marine  
  86  5:48  SCV  
  86  5:49  SCV  
  81  5:51  Marine  
  81  5:53  Widow Mine x2  
  81  5:54  SCV  
  81  5:57  Engineering Bay  
  81  5:58  Barracks Reactor, Engineering Bay, Marine  
  81  6:00  SCV  
  81  6:03  SCV  
  84  6:08  Medivac x2  
  84  6:10  SCV  
  87  6:12  SCV  
  87  6:14  Supply Depot  
  88  6:20  Barracks  
  88  6:22  Barracks  
  88  6:23  SCV  
  88  6:24  Marine  
  90  6:26  SCV  
  90  6:29  Marine  
  92  6:33  Marine  
  92  6:34  SCV  
  92  6:35  SCV, Marine  
  92  6:38  SCV  
  95  6:41  Marine  
  95  6:44  Supply Depot  
  95  6:46  Medivac x2  
  95  6:47  SCV x2  
  101  6:50  SCV, Marine  
  101  6:51  Marine x2  
  101  6:53  Marine  
  107  6:56  Factory  
  107  6:57  Refinery  
  107  7:00  Marine  
  108  7:01  SCV  
  108  7:07  SCV x2, Supply Depot  
  112  7:08  Terran Infantry Weapons Level 1  
  112  7:09  Supply Depot, Terran Infantry Armor Level 1  
  112  7:10  Marine  
  112  7:11  Barracks Reactor  
  112  7:12  Barracks Reactor, Marine  
  112  7:13  SCV  
  114  7:17  Marine  
  114  7:18  Marine  
  114  7:21  Marine  
  117  7:23  SCV  
  117  7:27  Marine  
  117  7:28  SCV  
  100  7:30  Marine  
  100  7:35  Marine, Liberator x2  
  100  7:36  Marine  
  113  7:38  Marine  
  113  7:40  Factory Tech Lab  
  109  7:45  Marine  
  109  7:47  Command Center, Refinery  
  109  7:48  Marine, Factory Tech Lab  
  109  7:49  Marine x2  
  109  7:50  Marine x2  
  115  7:52  Marine  
  115  7:53  Supply Depot  
  115  7:54  Marine  
  115  7:55  Supply Depot  
  115  7:56  Marine  
  118  8:00  Siege Tank  
  118  8:03  Supply Depot, Marine  
  118  8:04  Terran Vehicle Weapons Level 1  
  122  8:05  Marine  
  122  8:07  Marine x3  
  122  8:08  Marine, Siege Tank  
  122  8:11  SCV x3  
  133  8:16  Marine x2  
  133  8:17  Marauder  
  137  8:21  Supply Depot  
  137  8:22  Marine  
  137  8:23  SCV, Marine  
  137  8:25  Marine  
  141  8:27  Medivac x2  
  141  8:30  SCV  
  141  8:34  Siege Tank  
  149  8:38  Marine  
  149  8:40  Supply Depot, Marine x3, Siege Tank  
  149  8:41  Marine x2  
  158  8:47  Supply Depot  
  160  8:48  Marauder  
  160  8:53  Supply Depot  
  160  9:01  Marine  
  160  9:06  Siege Tank  
  165  9:10  Marauder  
  165  9:12  Siege Tank  
  165  9:15  Marine x4  
  172  9:19  Marine  
  168  9:24  Supply Depot  
  168  9:26  Marine  
  168  9:27  Medivac  
  168  9:28  Marine, Barracks  
  168  9:31  Marauder  
  168  9:38  Siege Tank  
  156  9:43  Marine x2  
  156  9:44  Marine x2  
  156  9:45  SCV, Marine x3, Siege Tank  
  147  9:46  SCV, Marine  
  147  9:49  Liberator  
  147  9:52  Marauder  
  153  9:55  SCV  
  153  9:56  Liberator  
  151  10:00  SCV  
  151  10:01  Planetary Fortress, Marine  
  151  10:02  Marine  
  151  10:05  Marine x2  
  156  10:10  Siege Tank  
  156  10:13  Marine x2  
  156  10:14  Marauder  
  157  10:15  Marine  
  157  10:17  SCV, Siege Tank  
  157  10:18  SCV  
  157  10:20  SCV  
  158  10:29  SCV  
  158  10:30  SCV  
  158  10:31  Marine x2  
  158  10:32  Liberator  
  158  10:33  Marine  
  165  10:36  Marine  
  165  10:40  Marine  
  165  10:41  Marine x2  
  165  10:42  SCV, Siege Tank  
  173  10:47  Marine  
  174  10:54  Marine x2  
  174  10:55  Marauder  
  162  10:58  Marine  
  162  11:00  Marine x2  
  162  11:03  Medivac  
  167  11:05  Siege Tank  
  167  11:06  Marine x3  
  166  11:12  SCV x2, Marine x2  
  166  11:13  SCV  
  166  11:16  Marine x2  
  166  11:18  SCV, Marine  
  172  11:20  Marine  
  172  11:23  Marine x2  
  172  11:24  SCV, Marine  
  172  11:29  SCV  
  172  11:30  Marine x2  
  168  11:34  Marauder  
Show
View Real Time Build Order
Export as new Build Order

Serral Zerg 

Build Orders: Hatch First 

Get SALT Encoding   

  12  0:00  Drone  
  13  0:11  Overlord  
  13  0:20  Drone  
  14  0:30  Drone x2  
  16  0:48  Hatchery  
  15  0:52  Drone  
  15  0:54  Drone  
  17  0:58  Drone  
  18  1:09  Extractor  
  17  1:13  Spawning Pool  
  17  1:16  Drone  
  17  1:19  Drone  
  18  1:27  Drone  
  19  1:38  Drone  
  20  1:48  Drone  
  21  2:00  Queen x2  
  21  2:01  Zergling x4  
  27  2:10  Overlord  
  27  2:12  Drone, Metabolic Boost  
  28  2:29  Hatchery  
  27  2:34  Drone x2  
  29  2:38  Drone  
  29  2:42  Queen  
  32  2:48  Overlord  
  32  2:51  Drone  
  32  2:54  Drone  
  32  2:56  Drone  
  35  2:59  Drone  
  36  3:09  Drone x4  
  36  3:11  Overlord  
  40  3:18  Drone x2  
  42  3:21  Queen  
  44  3:29  Queen  
  46  3:35  Overlord  
  46  3:37  Drone x2  
  46  3:38  Drone  
  49  3:42  Queen  
  49  3:45  Drone  
  52  3:50  Drone x2  
  52  3:52  Overlord  
  52  3:55  Drone x4  
  58  3:57  Drone  
  58  4:02  Queen  
  61  4:08  Zergling x4  
  61  4:09  Drone x2  
  65  4:16  Zergling x2, Baneling Nest  
  65  4:17  Drone x2  
  65  4:19  Drone x2  
  65  4:20  Overlord  
  69  4:24  Drone x2  
  69  4:27  Overlord  
  69  4:29  Lair  
  72  4:38  Drone x3  
  72  4:43  Extractor  
  72  4:44  Drone x2, Extractor  
  72  4:45  Extractor  
  73  4:48  Evolution Chamber  
  73  4:51  Drone x6  
  78  4:55  Zergling x2  
  80  5:00  Zergling x6  
  80  5:02  Overlord  
  80  5:05  Hatchery  
  81  5:07  Zergling x2, Baneling x4  
  81  5:11  Overlord  
  82  5:18  Overlord  
  82  5:21  Zergling x8, Baneling x2  
  82  5:22  Zergling x4  
  82  5:26  Zerg Ground Armor Level 1  
  88  5:29  Zergling x4, Evolution Chamber  
  88  5:30  Zergling x2  
  88  5:32  Drone  
  88  5:34  Spore Crawler  
  90  5:37  Baneling x2  
  90  5:38  Zergling x2, Baneling  
  90  5:39  Zergling x8  
  84  5:50  Zergling x12  
  89  5:59  Centrifical Hooks  
  89  6:00  Zerg Melee Weapons Level 1  
  89  6:01  Zergling x10  
  94  6:06  Extractor  
  94  6:10  Zergling x10  
  98  6:18  Drone x4  
  101  6:21  Queen  
  101  6:24  Baneling x4  
  103  6:28  Drone x2  
  102  6:35  Zergling x16  
  102  6:39  Overlord  
  110  6:40  Overlord, Hydralisk Den  
  110  6:43  Baneling x5  
  110  6:44  Baneling x3  
  109  6:51  Overlord  
  109  7:00  Drone x8  
  117  7:03  Overseer  
  117  7:04  Pneumatized Carapace  
  117  7:09  Zergling x6  
  117  7:13  Zergling x4, Muscular Augments  
  117  7:14  Zergling x12  
  128  7:16  Baneling x5  
  128  7:17  Overseer  
  126  7:26  Zergling x12  
  120  7:36  Drone x3  
  120  7:37  Drone x5  
  123  7:41  Overlord x4  
  123  7:43  Overlord, Baneling x3  
  127  7:49  Zerg Ground Armor Level 2  
  127  7:50  Overlord  
  127  7:59  Spore Crawler  
  127  8:00  Hydralisk x3, Drone x5  
  127  8:04  Hydralisk x3  
  142  8:15  Hydralisk x4  
  142  8:16  Hydralisk x2  
  152  8:24  Zergling x18  
  152  8:25  Overseer  
  161  8:29  Zerg Melee Weapons Level 2  
  161  8:33  Hatchery  
  160  8:37  Grooved Spines  
  160  8:39  Zergling x10  
  160  8:40  Zergling x2  
  164  8:42  Baneling x3  
  164  8:43  Overlord  
  164  8:46  Baneling x2  
  164  8:47  Baneling  
  164  8:50  Baneling  
  164  8:51  Baneling  
  164  8:56  Overlord  
  164  9:00  Zergling x12  
  164  9:01  Baneling x3  
  164  9:02  Baneling x3  
  167  9:06  Zergling x2  
  167  9:07  Zergling x14  
  175  9:10  Baneling x4  
  175  9:14  Zergling x10  
  178  9:23  Zergling x2  
  178  9:24  Zergling x16  
  182  9:26  Baneling x5  
  182  9:27  Baneling  
  180  9:31  Zergling x8  
  165  9:41  Zergling x14  
  165  9:44  Zergling x2  
  149  9:45  Baneling x8  
  149  9:46  Zergling x8  
  149  9:49  Baneling x3  
  149  9:52  Zergling x10  
  156  9:54  Queen  
  156  9:59  Zergling x2  
  153  10:00  Zergling x8  
  153  10:05  Zergling x6  
  158  10:10  Zergling x4  
  158  10:13  Zergling x2  
  149  10:17  Infestation Pit, Extractor  
  149  10:18  Baneling x7  
  148  10:21  Drone x3  
  148  10:23  Zergling x4  
  148  10:24  Baneling x8  
  144  10:29  Zergling x12  
  144  10:33  Zergling x2  
  146  10:35  Zergling x4  
  146  10:36  Baneling  
  146  10:37  Baneling x10  
  146  10:40  Zergling x4  
  149  10:44  Zergling x4  
  146  10:53  Zergling x6  
  136  10:58  Zergling x18  
  144  11:10  Zergling x14  
  145  11:11  Hydralisk Den  
  137  11:24  Zergling x16  
  134  11:30  Zergling x18  
Tags
 
Add a new tag
Caveats
  • Supply blocks, unpowered buildings, or Contaminate may cause inaccurate times.
  • Supply counts are checked every 10 seconds.